[Event "Late-Titled-Tuesday-Blitz-October-17-2023"]
[Site "Chess.com"]
[Date "2023.10.17"]
[Round "2"]
[White "FMOlexandrProhorov"]
[Black "Defend1r"]
[Result "1/2-1/2"]
[WhiteElo "2305"]
[BlackElo "2489"]
[TimeControl "180+1"]
[EndTime "14:18:54 PDT"]
[Termination "Game drawn by stalemate"]

1. e4 c5 2. c3 d5 3. exd5 Qxd5 4. d4 Nc6 5. Nf3 cxd4 6. cxd4 e5 7. Nc3 Bb4 8. Bd2 Bxc3 9. Bxc3 e4 10. Ne5 Nxe5 11. dxe5 Ne7 12. Qc2 Bg4 13. Be2 Bxe2 14. Qxe2 O-O 15.
O-O Nc6 16. Rad1 Qxa2 17. Qxe4 Rfd8 18. f4 Qb3 19. Rde1 Qd5 20. e6 fxe6 21. Qxe6+ Qxe6 22. Rxe6 Kf7 23. f5 Rd5 24. g4 a5 25. Rfe1 a4 26. Ra1 Ra6 27. Kf2 b5 28. Re4 Rb6 29. h4 b4 30. Be1 a3 31. bxa3 b3 32. Rb1 Nd4 33.
Bc3 Nc2 34. Bb2 Rd3 35. a4 Rh3 36. h5 Rd6 37. Kg2 Rhd3 38. a5 Rd2+ 39. Kg3 R6d3+ 40.
Kf4 Rd5 41. a6 Ra5 42. Bc3 Rf2+ 43. Kg3 Rxa6 44. Ba5 Rxa5 45. Kxf2 Ra2 46. Kg3 b2 47. Re2 Na3 48. Rexb2 Nxb1 49. Rxb1 Rc2 50. Rb7+ Kf8 51. Rb6 Kf7 52. Kf4 Rc3 53. Rb7+ Kf8 54. g5 Rc4+ 55.
Ke5 Rc5+ 56. Ke6 Rc8 57. f6 Re8+ 58. Kf5 gxf6 59. Kxf6 Kg8 60. Rf7 Rb8 61. Rg7+ Kh8 62. Rd7 Rb6+ 63. Ke7 Rb8 64. Rd8+ Rxd8 65. Kxd8 Kg7 66.
Ke7 h6 67. g6 Kg8 68. Ke6 Kg7 69. Kf5 Kg8 70. Kf6 Kh8 71. g7+ Kh7 72. g8=Q+ Kxg8 73. Kg6 Kh8 74. Kxh6 Kg8 75. Kg6 Kh8 76. h6 Kg8 77.
h7+ Kh8 78. Kh6 1/2-1/2

[Event "Late-Titled-Tuesday-Blitz-October-17-2023"]
[Site "Chess.com"]
[Date "2023.10.17"]
[Round "2"]
[White "matagordo"]
[Black "Gentlejimmy7"]
[Result "0-1"]
[WhiteElo "2289"]
[BlackElo "2493"]
[TimeControl "180+1"]
[EndTime "14:19:00 PDT"]
[Termination "Gentlejimmy7 won by resignation"]

1. d4 f5 2. Bf4 Nf6 3. e3 g6 4. h4 Bg7 5. h5 d6 6. h6 Bf8 7. Nf3 c6 8. Nc3 Na6 9. Qd2 Nc7 10. O-O-O Be6 11. Ng5 Bg8 12. e4 fxe4 13. Ngxe4 Qd7 14. Nxf6+ exf6 15. Ne4 Be7 16. Qb4 O-O-O 17. Qa4 Kb8 18. Bd3 g5 19. Be3 Bd5 20. Ng3 Bxg2 21. Rhg1 Bf3 22.
Rde1 Nd5 23. Nh5 Bxh5 24. Bd2 Bg6 25. Bf1 Nb6 26. Qb3 Rhe8 27. Bg2 Bf8 28. Ref1 Qf5 29.
Kb1 Re2 30. Ba5 Qxc2+ 31. Qxc2 Bxc2+ 32. Ka1 Rde8 33. Bf3 R2e7 34. b3 Bxh6 35. Kb2 Bg6 36. Rh1 Bg7 37. Bc3 f5 38. Rfg1 h6 39. Rc1 Nd5 40. Bxd5 cxd5 41. Rcd1 f4 42. f3 Re2+ 43. Ka3 Rc2 44. Bb4 Kc7 45. Rc1 Re2 46. Rhd1 Kd7 47.
Rxc2 Rxc2 48. Re1 b6 49. Rd1 a5 50. Be1 Bf6 51. Rb1 h5 52. b4 axb4+ 53. Rxb4 Kc6 54.
Rb1 Bxd4 55. Bb4 Bc5 56. Bxc5 dxc5 57. Rg1 g4 58. fxg4 hxg4 59. Rxg4 Be4 60. Rxf4 Re2 61.
Rf6+ Kb5 62. Kb3 c4+ 63. Kc3 Rxa2 64. Kd4 Rd2+ 65. Ke5 Rd3 66. Rf2 c3 67. Kd6 Kc4 68. Rf8 b5 69. Rc8+ Kd4 70. Rb8 c2 71. Rxb5 c1=Q 72.
Rb4+ Qc4 73. Rb7 Qc5+ 74. Ke6 Qc6+ 0-1

[Event "Late-Titled-Tuesday-Blitz-October-17-2023"]
[Site "Chess.com"]
[Date "2023.10.17"]
[Round "2"]
[White "GMKrikor"]
[Black "GlavkonVVS"]
[Result "1/2-1/2"]
[WhiteElo "2833"]
[BlackElo "2535"]
[TimeControl "180+1"]
[EndTime "14:19:04 PDT"]
[Termination "Game drawn by repetition"]

1. Nf3 Nf6 2. c4 c5 3. Nc3 Nc6 4. d4 g6 5. d5 Na5 6. e4 d6 7.
a3 Bg7 8. b4 Nxe4 9. Nxe4 Bxa1 10. bxa5 Qxa5+ 11. Nfd2 Bf5 12. Bd3 Bxe4 13. Bxe4 O-O 14.
O-O Bg7 15. Qc2 a6 16. Bd3 b5 17. g3 Rab8 18. Kg2 b4 19. a4 b3 20. Nxb3 Qxa4 21.
Nd4 Qxc2 22. Nxc2 Rb3 23. Rd1 Rfb8 24. Kf3 Rc3 25. Ke2 Rb1 26. Bd2 Rxd1 27. Bxc3 Rh1 28.
Ba5 Rxh2 29. Ne3 h5 30. Bc2 Bd4 31. Ba4 h4 32. gxh4 Rxh4 33. Nc2 Be5 34. Kd3 f5 35. Bd7 Rh3+ 36. Ke2 Kg7 37. Bd2 Bf6 38. Bc8 Rh4 39. Bxa6 Re4+ 40. Kd3 g5 41. Be3 Rh4 42. Bc8 Kg6 43.
f3 Rh3 44. Ke2 Rh2+ 45. Kd3 Be5 46. Bd2 Kf6 47. Ne3 Bf4 48. Nxf5 Rxd2+ 49. Ke4 Re2+ 50. Kd3 Re5 51. Nh6 Re3+ 52. Kc2 Rxf3 53. Ng4+ Kg7 54. Bf5 Rg3 55. Kd1 Be5 56. Ke2 Rc3 57. Bd3 Rb3 58.
Nf2 Rb2+ 59. Kf3 Bd4 60. Ne4 Kh6 61. Ng3 Rf2+ 62. Kg4 Rf4+ 63. Kh3 Bf6 64. Nf5+ Kh5 65. Ng3+ Kh6 66. Nf5+ Rxf5 67. Bxf5 Kg7 68. Kg4 Kf8 69.
Be4 Kg7 70. Bf5 Kh6 71. Be6 Be5 72. Bf5 Bf6 73. Be6 Be5 74. Bf5 Bf6 1/2-1/2

[Event "Late-Titled-Tuesday-Blitz-October-17-2023"]
[Site "Chess.com"]
[Date "2023.10.17"]
[Round "2"]
[White "imdvb6307"]
[Black "HanSchut"]
[Result "1-0"]
[WhiteElo "2504"]
[BlackElo "2315"]
[TimeControl "180+1"]
[EndTime "14:19:08 PDT"]
[Termination "imdvb6307 won by checkmate"]

1. d4 Nf6 2. Nf3 g6 3. c4 Bg7 4. Nc3 d5 5. Bf4 O-O 6. Rc1 dxc4 7.
e3 c5 8. dxc5 Qa5 9. Bxc4 Qxc5 10.
Bb3 Nc6 11. O-O Qh5 12. h3 Bf5 13. Qe2 Rad8 14. Rfd1 Ne4 15. g4 Nxc3 16. bxc3 Qxh3 17. gxf5 Qxf5 18. Nd4 Bxd4 19. cxd4 e5 20. dxe5 Nxe5 21.
Bxe5 Qxe5 22. Qf3 b6 23. Rxd8 Qg5+ 24. Kf1 Qxd8 25. Rd1 Qc8 26. Qd5 Qh3+ 27. Ke1 Qh2 28. Qg5 Kg7 29. Rd7 h6 30. Qg3 Qh1+ 31. Ke2 Qc6 32.
Rd4 Qb5+ 33. Ke1 Qa5+ 34. Kf1 Qb5+ 35. Kg2 h5 36. Rf4 Qd7 37. Qf3 Qe7 38. Qd5 h4 39. Kh3 g5 40. Rf5 f6 41. Qf3 Kg6 42. Rd5 Qe6+ 43.
Qg4 Qe7 44. Rd7 Qe5 45. Qf3 Qf5+ 46. Qxf5+ Kxf5 47. Rxa7 Rh8 48. Bc2+ Ke5 49. Re7+ Kd6 50. Rf7 Ke6 51. Bb3+ Ke5 52. f3 f5 53. Re7+ Kf6 54.
Re6+ Kg7 55. e4 g4+ 56. fxg4 fxg4+ 57. Kxg4 h3 58. Bd5 h2 59. e5 h1=Q 60. Bxh1 Rxh1 61. Rxb6 Rf1 62. Kg5 Kf7 63. a4 Ke7 64. a5 Rf8 65.
Rf6 Ra8 66. a6 Ra7 67. Kf5 Ra8 68. Rh6 Rf8+ 69. Ke4 Ra8 70. a7 Kf8 71. Rh8+ Kg7 72. Rxa8 Kf7 73. Rb8 Ke6 74. a8=Q Ke7 75. Qc6 Kf7 76.
Rb7+ Kg8 77. Qc8# 1-0

[Event "Late-Titled-Tuesday-Blitz-October-17-2023"]
[Site "Chess.com"]
[Date "2023.10.17"]
[Round "2"]
[White "santosalberto1987"]
[Black "Lennis93"]
[Result "0-1"]
[WhiteElo "2414"]
[BlackElo "2699"]
[TimeControl "180+1"]
[EndTime "14:19:12 PDT"]
[Termination "Lennis93 won by resignation"]

1. e4 c6 2. c4 d5 3. exd5 cxd5 4. cxd5 Nf6 5. Qa4+ Nbd7 6. Bc4 g6 7. Nc3 Bg7 8. Nf3 a6 9. d3 O-O 10. Qa3 b6 11. O-O Bb7 12. Re1 b5 13. Bb3 Nb6 14.
Qxe7 Bxd5 15. Nxd5 Nfxd5 16. Qxd8 Raxd8 17. Bg5 Rd7 18. d4 h6 19. Be3 a5 20. a3 a4 21.
Ba2 b4 22. Bxd5 Nxd5 23. axb4 Ra8 24. Bd2 Rb7 25. Ra3 Nxb4 26. Rea1 Nc2 27. Rxa4 Rxa4 28.
Rxa4 Rxb2 29. g3 Nxd4 30. Nxd4 Rxd2 31. Nf3 Rd1+ 32. Kg2 Bf6 33. Re4 Kg7 34. h4 Ra1 35. Re2 Ra4 36. Rd2 Re4 37. Rc2 Kf8 38. Rd2 Be7 39.
Rc2 f5 40. Rc6 Kg7 41. Rc2 f4 42. g4 g5 43. hxg5 hxg5 44. Rc1 Bf6 45. Rc5 Kg6 46. Rc6 Re8 47. Rc2 Re7 48. Rc1 Re2 49. Rd1 Kf7 50.
Rd2 Re8 51. Ra2 Rb8 52. Ra5 Kg6 53. Ra6 Rb2 54. Ne5+ Kg7 55. Nf3 Be7 56. Rc6 Ra2 57. Rc7 Kf6 58. Rd7 Bc5 59. Rd2 Ra3 60. Rc2 Ra5 61.
Nd2 Ba7 62. Ne4+ Ke6 63. Rc3 Bd4 64. Rd3 Kd5 65. Nxg5 Kc4 66. Rxd4+ Kxd4 67. Nh3 Ke4 68. Ng1 Ra3 69. Nh3 Ra1 70. Ng1 Ra3 71. Nh3 Ke5 72. Ng1 Ra8 73. Nh3 Rg8 74. Kf3 Rh8 75. Ng1 Rh1 76. Ne2 Rh3+ 77. Kg2 f3+ 78. Kf1 fxe2+ 79. Kxe2 Kf4 0-1

[Event "Late-Titled-Tuesday-Blitz-October-17-2023"]
[Site "Chess.com"]
[Date "2023.10.17"]
[Round "2"]
[White "cassoulet"]
[Black "Artyom_ChessMate"]
[Result "1-0"]
[WhiteElo "2772"]
[BlackElo "2507"]
[TimeControl "180+1"]
[EndTime "14:19:18 PDT"]
[Termination "cassoulet won by resignation"]

1. d4 d5 2. Nf3 Nf6 3. Bf4 c5 4. e3 Nc6 5. Nbd2 Nh5 6. Bg3 Nxg3 7. hxg3 cxd4 8. exd4 g6 9. c3 Bg7 10. Bd3 Bg4 11. Qb3 Qb6 12. O-O-O Qxb3 13. Nxb3 O-O-O 14. Rde1 h5 15. Kb1 Bf6 16. Ne5 Bxe5 17. dxe5 d4 18. c4 Nb4 19. Be4 e6 20. a3 Nc6 21.
Bxc6 bxc6 22. Kc2 Bf5+ 23. Kd2 Kc7 24. Nc5 a5 25. f3 Ra8 26. b3 Kb6 27. Nd3 Bxd3 28.
Kxd3 c5 29. Rh4 Kc6 30. Rf4 Ra7 31. Rb1 Rb8 32. a4 Rab7 33. Kc2 Rd8 34. Rd1 d3+ 35.
Rxd3 Rxd3 36. Kxd3 Rxb3+ 37. Kc2 Rb7 38. Kc3 Rd7 39.
g4 hxg4 40. Rxg4 Kc7 41. Rf4 Kd8 42. Rh4 Kc7 43. Rh7 Kb6 44. Rh8 Rd1 45. Rf8 Rd7 46.
g3 Kc7 47. f4 Kb6 48. Rb8+ Kc7 49. Rb5 Kc6 50. Rxa5 Kb6 51. Rb5+ Kc6 52. Rb8 Ra7 53. Kb3 Rd7 54. Kc3 Ra7 55. Rc8+ Kb6 56. Rf8 Rxa4 57. Rxf7 Ra3+ 58. Kd2 Rxg3 59. Rf6 Kc7 60.
Rxe6 Rg4 61. Ke3 Rg3+ 62. Ke4 Rg4 63. Kd5 Rxf4 64. Rxg6 Rf5 65. Rc6+ Kd7 66. Rxc5 Rf1 67. Ra5 Rd1+ 68. Ke4 Ke6 69. Ra6+ Ke7 70. Rh6 Rd2 71.
c5 Rd1 72. Rd6 Rc1 73. Kd5 Re1 74. e6 Ra1 75. Rb6 Rd1+ 76. Ke5 Re1+ 77. Kd5 Rd1+ 78. Kc4 Rc1+ 79. Kb5 Rb1+ 80. Kc6 Rc1 81. Rb2 Kxe6 82. Re2+ Kf7 83. Kd6 Rd1+ 84. Kc7 Rc1 85. c6 Rc3 86.
Kd7 Rd3+ 87. Kc8 Rd1 88. c7 Rc1 89. Re4 Kf6 90. Kb7 Rb1+ 91. Kc6 Rc1+ 92. Kb6 Kf7 93. Re5 1-0

[Event "Late-Titled-Tuesday-Blitz-October-17-2023"]
[Site "Chess.com"]
[Date "2023.10.17"]
[Round "2"]
[White "BrandonJiang123456"]
[Black "arminmusovic"]
[Result "1/2-1/2"]
[WhiteElo "2258"]
[BlackElo "2475"]
[TimeControl "180+1"]
[EndTime "14:19:21 PDT"]
[Termination "Game drawn by repetition"]

1. e4 c6 2. d4 d5 3. exd5 cxd5 4. Bd3 Nc6 5. c3 Nf6 6. h3 g6 7. Bf4 Bg7 8. Nf3 O-O 9. O-O Re8 10. Re1 Nd7 11. Na3 a6 12. Nc2 Nf8 13. Ne3 f6 14. c4 e6 15. cxd5 exd5 16. Qb3 Be6 17. Qxb7 Na5 18. Qb4 Nd7 19. Rac1 Bf8 20. Qa4 Ra7 21.
b4 Nb7 22. Bc7 Qa8 23. Qc6 Nd8 24. Qxa8 Rxa8 25. Nxd5 Kf7 26. Be4 Ra7 27. Bxd8 Rxd8 28. Nc7 Bxa2 29. Re2 Bb3 30. Rb2 Bd1 31. Bd5+ Ke7 32.
Ne6 Bxf3 33. gxf3 Rb8 34. Re1 Bh6 35. Nc5+ Kd6 36. Bc4 a5 37. Re6+ Kc7 38. Na6+ Rxa6 39. Rxa6 Rxb4 40. Rxb4 axb4 41. Ra4 Bd2 42. Bb3 Bc3 43.
d5 Nb6 44. Ra7+ Kd6 45. Ra6 Kc5 46. d6 Be5 47. Rxb6 Kxb6 48. d7 Kc7 49. Ba4 g5 50. Kf1 Bd4 51. Ke2 b3 52. Bxb3 Kxd7 53. Bg8 h6 54.
Bh7 Kd6 55. Bf5 Ke5 56. Bg6 Kf4 57. Be8 Ba7 58. Bd7 Ke5 59. Bc8 f5 60. Ba6 h5 61.
Kf1 h4 62. Kg2 Kf4 63. Bc8 Bb6 64. Bb7 Ba5 65. Bc8 Bc3 66. Bb7 Bd4 67. Bc8 Ke5 68.
Bb7 Kf6 69. Ba6 Ke6 70. Bd3 Ke5 71. Bf1 Bc3 72. Ba6 Be1 73. Bc8 Kf4 74. Ba6 Ba5 75. Bc8 Bb6 76. Ba6 g4 77. Bc8 gxh3+ 78. Kxh3 Bxf2 79.
Bb7 Bg3 80. Ba8 Ke5 81. Bb7 Kf4 82. Ba8 Ke3 83. Bb7 Kf2 84. Ba8 Kg1 85. Bb7 Kf2 86. Ba8 Ke2 87. Bb7 f4 88. Ba8 Ke3 89. Be4 Kd4 90.
Ba8 Kc5 91. Be4 Kb6 92. Bf5 Kc5 93. Be4 Kd6 94. Ba8 Ke5 95. Be4 Ke6 96. Ba8 Kd7 97.
Be4 Kc7 98. Kg4 Kd6 99. Ba8 Ke5 100. Kh3 Kf6 101. Be4 Kg5 102. Ba8 Kh5 103. Be4 Kh6 104. Ba8 Kg5 105. Be4 Kf6 106. Ba8 Ke7 107. Be4 Kd6 108. Bh7 Kc7 109. Be4 Kb6 110. Bg6 Ka7 111. Be4 Kb8 112. Bf5 Kc7 113. Be4 Kd6 1/2-1/2

[Event "Late-Titled-Tuesday-Blitz-October-17-2023"]
[Site "Chess.com"]
[Date "2023.10.17"]
[Round "2"]
[White "OYAcosta"]
[Black "wanyaland"]
[Result "1/2-1/2"]
[WhiteElo "2193"]
[BlackElo "2440"]
[TimeControl "180+1"]
[EndTime "14:19:23 PDT"]
[Termination "Game drawn - insufficient material"]

1. d4 d5 2. Nf3 e6 3. Bf4 Bd6 4. Bg3 Nf6 5. e3 c5 6. c3 Nc6 7. Nbd2 Qe7 8. Be2 O-O 9. O-O e5 10. Bh4 e4 11. Ne1 cxd4 12. cxd4 h6 13. Rc1 Bd7 14. Nb3 Rad8 15. Nc5 Bc8 16. a3 Rfe8 17.
b4 Nb8 18. Qb3 b6 19. Na4 Bd7 20. b5 Bxh2+ 21. Kh1 Bd6 22. Nc2 g5 23. Bg3 Bxg3 24. fxg3 Qd6 25. Kh2 Ng4+ 26. Bxg4 Bxg4 27. Nb4 Be6 28. Nc6 Nxc6 29. Rxc6 Qd7 30. Nc3 Rc8 31. Rxc8 Rxc8 32. a4 Kg7 33. a5 Rc4 34. axb6 axb6 35.
Na4 Qd6 36. Qd1 Qb4 37. Nxb6 Rc3 38. Qe1 Qxb5 39. Na4 Rc2 40. Nc5 Bg4 41. Rf2 Rxf2 42. Qxf2 Qe2 43. Qxe2 Bxe2 44. Kg1 Kg6 45. Kf2 Bc4 46.
g4 h5 47. Kg3 h4+ 48. Kf2 Bb5 49. Nb7 Bd7 50. Nd6 Bxg4 51. Nb5 Be6 52. Nc7 Kf6 53. Ne8+ Ke7 54. Ng7 f5 55. Nh5 Kd6 56. g3 hxg3+ 57. Nxg3 Ke7 58. Ne2 Kf6 59. Kg3 Bf7 60. Nc3 Kg6 61. Ne2 Kh5 62. Nc3 Kh6 63. Ne2 Kg7 64.
Nc3 Kf6 65. Ne2 Ke6 66. Ng1 Kd6 67. Nh3 g4 68. Ng5 Bg8 69. Kf4 Kc6 70. Kxf5 g3 71. Nh3 g2 72. Ng1 Kb5 73. Kf4 Kc4 74. Kg3 Kd3 75.
Kf2 Bf7 76. Ne2 Kd2 77. Nf4 g1=Q+ 78. Kxg1 Kxe3 79. Nxd5+ Kxd4 80. Nf4 e3 81. Kf1 Bc4+ 82. Ke1 Ke4 83. Ng2 e2 84. Kf2 Kd4 85. Ne1 Kc3 86. Nf3 Kc2 87. Nd4+ Kd1 88. Nxe2 1/2-1/2

[Event "Late-Titled-Tuesday-Blitz-October-17-2023"]
[Site "Chess.com"]
[Date "2023.10.17"]
[Round "2"]
[White "BogdanDeac"]
[Black "ellatambien"]
[Result "1-0"]
[WhiteElo "2990"]
[BlackElo "2620"]
[TimeControl "180+1"]
[EndTime "14:19:35 PDT"]
[Termination "BogdanDeac won by resignation"]

1. b3 e5 2. Bb2 d6 3. e3 Nf6 4. Ne2 g6 5. f4 Nc6 6. g3 Bg7 7. Bg2 O-O 8. O-O a5 9. a4 Be6 10. Na3 Qd7 11. d3 Bh3 12. Qd2 Bxg2 13. Kxg2 Rfe8 14.
Rab1 Re7 15. Nc4 Rae8 16. fxe5 dxe5 17. e4 b6 18. h3 Rd8 19. Rbd1 Ne8 20. Nc3 Nd4 21.
Nd5 Re6 22. Bxd4 exd4 23. Kh2 Nd6 24. Nxd6 Qxd6 25. Nf4 Re7 26. Qg2 c6 27. Qf3 b5 28.
Ra1 Qc5 29. Qg2 b4 30. h4 h5 31. Rf3 Re5 32. Raf1 Rf8 33. g4 hxg4 34. Qxg4 Qe7 35. Qh3 Bh6 36. Qg3 Bxf4 37. Rxf4 Rh5 38. Kg2 Kg7 39. Rg4 Qc5 40. Rf2 Qe7 41. Qf4 Rfh8 42. Kg3 c5 43. Rf1 Qe6 44. Rf2 Re8 45. Rf1 Re7 46. Rg5 Rxg5+ 47. hxg5 Re8 48. Qf6+ Qxf6 49. Rxf6 Re6 50. Rf4 Re5 51. Kg4 Re6 52. Rf3 Re8 53. Rh3 Re5 54. Kf4 Re6 55. e5 Re8 56. Ke4 Rd8 57.
Rh2 Rd7 58. Rf2 Rd8 59. Rf6 Rh8 60. Rc6 Rh5 61. Rxc5 Rxg5 62. Kxd4 Rg2 63. Ke3 g5 64. Kf3 Rg1 65. Rc6 Re1 66. d4 Rf1+ 67. Kg4 Rf4+ 68. Kxg5 Rxd4 69. Rc5 Rd2 70. Kf5 Re2 71. Rxa5 Rxc2 72.
Rb5 Rf2+ 73. Ke4 Rh2 74. Kd5 Rh4 75. Kc5 Re4 76. Rxb4 Rxe5+ 77. Kb6 f5 78. a5 Re4 79.
Rb5 f4 80. a6 Kg6 81. a7 Re8 82. Ra5 f3 83. a8=Q Re6+ 84. Qc6 Rxc6+ 85. Kxc6 f2 86. Ra1 Kf5 87. Rf1 Ke4 88. b4 Kd3 89. Rxf2 1-0

[Event "Late-Titled-Tuesday-Blitz-October-17-2023"]
[Site "Chess.com"]
[Date "2023.10.17"]
[Round "2"]
[White "scandalgod"]
[Black "shanemelaughcm"]
[Result "0-1"]
[WhiteElo "2487"]
[BlackElo "2332"]
[TimeControl "180+1"]
[EndTime "14:19:36 PDT"]
[Termination "shanemelaughcm won by resignation"]

1. d4 e6 2. c4 f5 3. g3 Nf6 4.
Bg2 Be7 5. Nf3 O-O 6. O-O d6 7. Nc3 Ne4 8. Qc2 Nxc3 9. bxc3 Nc6 10. e4 e5 11. dxe5 dxe5 12. Rd1 Qe8 13. Bg5 Bxg5 14. Nxg5 h6 15. Nf3 f4 16. Rab1 Qh5 17. Nh4 f3 18.
Bf1 Ne7 19. Rd5 Nxd5 20. cxd5 g5 21. Nf5 Bxf5 22. exf5 b6 23. Qe4 Rae8 24. Bd3 Rf6 25. c4 g4 26. Rc1 Qh3 27. Bf1 Qh5 28. c5 Qxf5 29. Qe3 Re7 30. Rd1 Kg7 31. h4 gxh3 32.
Kh2 h5 33. Bxh3 Qg6 34. Rg1 Qh6 35. Qe4 bxc5 36. Rb1 Qd2 37. Kg1 Kh6 38. Bf1 Qg5 39. Rb8 Kg7 40. Bd3 Qc1+ 41. Kh2 Qh6 42. Rc8 c4 43. Bc2 h4 44. Qxh4 Qxh4+ 45. gxh4 c3 46. Kg3 Rd7 47. Be4 c2 48. Bxc2 Rxd5 49. Rxc7+ Kf8 50.
Be4 Rd4 51. Bc6 Rc4 52. Rc8+ Ke7 53. Rc7+ Kd6 54. Rxa7 Rxc6 55. Kg4 Rc4+ 56. Kg5 Rcf4 57. h5 R6f5+ 58. Kg6 Kd5 59. Ra5+ Ke4 60. h6 Rg4+ 61. Kh7 Kd3 62. Ra3+ Ke2 63. Ra4 Kxf2 64. Rxg4 Ke3 65. Rg6 f2 66. Kg7 f1=Q 67. h7 Rh5 68. h8=Q Rxh8 69. Kxh8 Qf5 70. Kg7 Kd4 71. Rf6 Qg5+ 72. Kf7 e4 73. Re6 e3 74. a3 Qf5+ 75. Ke7 Qxe6+ 76.
Kxe6 e2 0-1

[Event "Late-Titled-Tuesday-Blitz-October-17-2023"]
[Site "Chess.com"]
[Date "2023.10.17"]
[Round "2"]
[White "Mikasinski"]
[Black "PushingpawnsNYC"]
[Result "1-0"]
[WhiteElo "2684"]
[BlackElo "2327"]
[TimeControl "180+1"]
[EndTime "14:19:41 PDT"]
[Termination "Mikasinski won on time"]

1. e4 c5 2. Nf3 e6 3. d4 cxd4 4. Nxd4 a6 5. Be2 Qc7 6. O-O Nf6 7. Nc3 Bb4 8. Bg5 Nc6 9. Nxc6 bxc6 10. Qd4 Bd6 11.
g3 c5 12. Qd3 h6 13. Be3 Bb7 14. Rad1 Be5 15. f3 Bxg3 16. f4 Bh4 17. Qc4 d5 18. exd5 Nxd5 19. Nxd5 Bxd5 20. Qxc5 Qb7 21. Qb6 Qxb6 22.
Bxb6 Rb8 23. Bd4 Bf6 24. b3 Rb4 25. c3 Bxd4+ 26. Rxd4 Rxd4 27. cxd4 a5 28. Rc1 Kd7 29. Rc5 Rc8 30. Rxa5 Rc2 31. Kf2 g5 32. fxg5 hxg5 33. Ke3 f5 34. Kd3 Be4+ 35. Ke3 Bd5 36. Ra7+ Kd6 37.
h3 Bg2 38. Ra6+ Ke7 39. Bc4 Bd5 40. Bxd5 exd5 41. Kd3 Rh2 42. Kc3 Rxh3+ 43. Kb4 f4 44.
Rg6 Rg3 45. Rg7+ Kf6 46. Rg8 Rd3 47. Kc5 Rd2 48. Kxd5 Kf7 49. Rxg5 Rxa2 50. Rf5+ Ke7 51. Rxf4 Rb2 52. Kc4 Re2 53. Rf5 Kd6 54. Rf6+ Kc7 55.
Rh6 Rc2+ 56. Kb4 Rg2 57. d5 Rg5 58. Kc5 Rg3 59. Rh7+ Kd8 60. Kd6 Rg6+ 61. Kc5 Rg3 62. Kc6 Rc3+ 63. Kd6 Kc8 64. b4 Rb3 65. Rh4 Kb7 66. Rc4 Rh3 67. b5 Kb6 68. Rc8 Rh6+ 69. Ke5 Kxb5 70. d6 Rh5+ 71. Ke6 Rh6+ 72. Kd7 Rh7+ 73.
Kd8 Kb6 74. Rc1 Rh8+ 75. Ke7 Rh7+ 76. Ke6 Rh6+ 77. Ke5 Rh5+ 78. Kf4 Rh4+ 79. Ke3 Rh3+ 80. Kf4 Rh7 81. Kf5 Rh5+ 82. Kf6 Rd5 83. Ke6 Rd2 84. Kd7 Rd3 85. Rb1+ Kc5 86. Kc7 Rd2 87. d7 1-0

[Event "Late-Titled-Tuesday-Blitz-October-17-2023"]
[Site "Chess.com"]
[Date "2023.10.17"]
[Round "2"]
[White "SaqoChess_Twitch"]
[Black "FuenfgegenWilly"]
[Result "0-1"]
[WhiteElo "2580"]
[BlackElo "2374"]
[TimeControl "180+1"]
[EndTime "14:21:02 PDT"]
[Termination "FuenfgegenWilly won by checkmate"]

1. d4 d5 2. c4 e5 3. Nc3 dxc4 4.
d5 c6 5. e4 Nf6 6. Bxc4 Bb4 7.
Bg5 h6 8. Bxf6 Qxf6 9. Ne2 O-O 10. O-O Qg6 11. Ng3 Nd7 12. dxc6 bxc6 13. Qb3 a5 14. a3 Nc5 15. Qc2 Bxc3 16. bxc3 Be6 17. Qe2 Rfd8 18.
Bxe6 Qxe6 19. Qe3 Nd3 20. Rfd1 Nf4 21. Nf5 Kh7 22. g3 Ng6 23. h4 Ne7 24. g4 Rab8 25. Rab1 Nxf5 26. exf5 Qf6 27. Qg3 Rxb1 28. Rxb1 Qd6 29. g5 Qxa3 30. g6+ fxg6 31. Qxg6+ Kh8 32. Rb7 Qf8 33. Rf7 Qg8 34. Kh2 Rf8 35. Re7 Rf6 36. Qg4 Qf8 37. Rxe5 Qb8 38. Qg3 a4 39. Ra5 Qf8 40.
Rxa4 Rxf5 41. Kg2 Qf7 42. Rg4 Qd5+ 43. Kh2 Qf7 44. Kg1 Kh7 45. Rd4 Rf3 46. Qg2 Rxc3 47.
Rg4 Rc1+ 48. Kh2 Rc5 49. Qe4+ Rf5 50. Kg2 g6 51. f3 c5 52. Rg3 c4 53. Kh2 Rc5 54.
Rg2 c3 55. Rc2 Rc7 56. Kg2 Qc4 57. Qxc4 Rxc4 58. Kg3 Kg7 59. Kf2 Kf6 60. Ke3 Kf5 61. Kd3 Rf4 62. Kxc3 Rxf3+ 63. Kd4 Rf4+ 64. Ke3 Rxh4 65.
Rc5+ Kf6 66. Rc6+ Kf7 67. Rc7+ Kg8 68. Rc8+ Kg7 69. Rc7+ Kf8 70. Rc8+ Ke7 71. Rc7+ Kd6 72. Ra7 g5 73. Ra6+ Ke5 74. Kf3 Kf5 75. Kg3 Rg4+ 76.
Kf3 Rh4 77. Kg3 Ke5 78. Ra5+ Kf6 79. Ra6+ Kg7 80. Rb6 Rf4 81. Rc6 Rf6 82. Rc8 Kg6 83.
Rg8+ Kh5 84. Ra8 Rf4 85. Ra1 Rb4 86. Rh1+ Kg6 87. Ra1 Rb3+ 88. Kg2 Kh5 89. Ra4 g4 90. Ra5+ Kh4 91. Ra2 h5 92. Rc2 Rg3+ 93. Kh2 Rh3+ 94.
Kg2 Rg3+ 95. Kh2 Ra3 96. Kg2 Ra4 97. Kh2 g3+ 98. Kg2 Kg4 99. Rb2 h4 100. Rb1 Ra2+ 101. Kg1 Kh3 102. Rc1 Rg2+ 103. Kh1 Rh2+ 104. Kg1 Rg2+ 105. Kh1 Ra2 106. Kg1 Ra4 107. Rb1 Kg4 108. Rc1 h3 109. Rb1 Ra3 110. Rc1 Rf3 111. Rc4+ Rf4 112. Rc1 Kh4 113. Ra1 h2+ 114. Kh1 Kh3 115. Rg1 g2+ 116. Rxg2 Rf1+ 117. Rg1 Rxg1# 0-1

[Event "Late-Titled-Tuesday-Blitz-October-17-2023"]
[Site "Chess.com"]
[Date "2023.10.17"]
[Round "3"]
[White "Estrategia_vs_Tactica"]
[Black "Eloist"]
[Result "0-1"]
[WhiteElo "2245"]
[BlackElo "2430"]
[TimeControl "180+1"]
[EndTime "14:23:58 PDT"]
[Termination "Eloist won by resignation"]

1. c4 e5 2. g3 Nf6 3. Bg2 c6 4. Nc3 d5 5. cxd5 cxd5 6. d4 exd4 7. Qxd4 Nc6 8. Qa4 d4 9. Ne4 Nxe4 10. Bxe4 Bb4+ 11. Kf1 Bd7 12. Nf3 Qe7 13. Bg5 Qxe4 14. Kg2 O-O 15. Rac1 Rfe8 16. Rxc6 Bxc6 17. Qxb4 Qxe2 18.
Qb3 d3 0-1

[Event "Late-Titled-Tuesday-Blitz-October-17-2023"]
[Site "Chess.com"]
[Date "2023.10.17"]
[Round "3"]
[White "Vojtap"]
[Black "Zq1"]
[Result "0-1"]
[WhiteElo "2229"]
[BlackElo "2524"]
[TimeControl "180+1"]
[EndTime "14:24:36 PDT"]
[Termination "Zq1 won by resignation"]

1. e4 c5 2. Nf3 d6 3. d4 cxd4 4.
Nxd4 Nf6 5. Nc3 Nc6 6. Bg5 e6 7. f4 Be7 8. Qd2 h6 9. Bxf6 Bxf6 10. Ndb5 O-O 11. O-O-O e5 12. g3 Bg4 13. Be2 Bxe2 14.
Qxe2 Nd4 15. Nxd4 exd4 16. Nb5 Qb6 17. Nxd4 Bxd4 18. c3 Bf6 19. Rd5 Rac8 20. Rhd1 Bxc3 21. bxc3 Rxc3+ 22. Kd2 Qb4 23. Rb1 Rb3+ 0-1

[Event "Late-Titled-Tuesday-Blitz-October-17-2023"]
[Site "Chess.com"]
[Date "2023.10.17"]
[Round "3"]
[White "Defend1r"]
[Black "NCchamp"]
[Result "1-0"]
[WhiteElo "2493"]
[BlackElo "2299"]
[TimeControl "180+1"]
[EndTime "14:24:38 PDT"]
[Termination "Defend1r won by checkmate"]

1. e4 c6 2. d4 d5 3. e5 Bf5 4. h4 h5 5. Bd3 Bxd3 6. Qxd3 e6 7. Bg5 Qa5+ 8. Nd2 Qa6 9. c4 Nd7 10.
b3 Bb4 11. Nf3 Ne7 12. Bxe7 Bxe7 13. O-O Nf8 14. a4 Ng6 15. g3 Qb6 16. a5 Qc7 17.
Rfc1 O-O 18. Ng5 Qd7 19. Qf3 Bxg5 20. hxg5 h4 21. Qh5 hxg3 22. fxg3 Rfc8 23. Kg2 c5 24. Rh1 cxd4 25. Raf1 dxc4 26. Qh7+ Kf8 27. Qxg6 Qd5+ 28. Ne4 Rc7 29. Rh8+ Ke7 30. Qxf7# 1-0

[Event "Late-Titled-Tuesday-Blitz-October-17-2023"]
[Site "Chess.com"]
[Date "2023.10.17"]
[Round "3"]
[White "djano"]
[Black "jcibarra"]
[Result "0-1"]
[WhiteElo "2675"]
[BlackElo "2906"]
[TimeControl "180+1"]
[EndTime "14:24:45 PDT"]
[Termination "jcibarra won by checkmate"]

1. e4 c5 2. Nc3 Nc6 3. Bb5 Nd4 4. Nf3 e6 5. O-O a6 6. Bd3 Nc6 7. Be2 Nd4 8. Bd3 Nc6 9. Re1 g5 10. Kh1 Bg7 11. Nd5 g4 12. Ng1 exd5 13. Qxg4 Kf8 14. exd5 Ne5 15. Qg3 Nxd3 16. Qd6+ Qe7 17. Rxe7 Nxf2# 0-1

[Event "Late-Titled-Tuesday-Blitz-October-17-2023"]
[Site "Chess.com"]
[Date "2023.10.17"]
[Round "3"]
[White "Perecke"]
[Black "miraitrunks"]
[Result "1-0"]
[WhiteElo "2520"]
[BlackElo "2204"]
[TimeControl "180+1"]
[EndTime "14:24:55 PDT"]
[Termination "Perecke won by resignation"]

1. e4 c5 2. Nf3 Nc6 3. d4 cxd4 4.
Nxd4 e5 5. Nb5 a6 6. Nd6+ Bxd6 7. Qxd6 Qf6 8. Qd1 Nge7 9. Nc3 O-O 10. Be3 b5 11. a4 b4 12. Nd5 Nxd5 13. exd5 Ne7 14.
d6 Nf5 15. Bc5 a5 16. Bb5 Qg6 17. O-O Bb7 18. g3 Nh4 19. f3 Rac8 20. Bb6 Rxc2 21. Bd3 Qxd6 22. Bxh7+ Kxh7 23. Qxd6 1-0

[Event "Late-Titled-Tuesday-Blitz-October-17-2023"]
[Site "Chess.com"]
[Date "2023.10.17"]
[Round "3"]
[White "borocotoajua"]
[Black "LogoCzar"]
[Result "1-0"]
[WhiteElo "2571"]
[BlackElo "2373"]
[TimeControl "180+1"]
[EndTime "14:25:02 PDT"]
[Termination "borocotoajua won by checkmate"]

1. d4 Nf6 2. Nf3 d5 3. c4 c6 4. g3 e6 5. Qc2 Nbd7 6. Nbd2 b6 7.
Bg2 Bb7 8. O-O Rc8 9. e4 dxe4 10. Nxe4 c5 11. Nxf6+ Qxf6 12. d5 Be7 13. Re1 O-O 14. Bg5 Qxf3 15. Bxf3 Bxg5 16. dxe6 Bxf3 17. exd7 Rcd8 18.
Qf5 Bd2 19. Qxf3 Bxe1 20. Rxe1 Rxd7 21. Qf5 Rdd8 22. Re7 Rd2 23. Qe5 h6 24. h4 Rfd8 25.
Re8+ Kh7 26. Qf5+ g6 27. Qxf7# 1-0